 Dungeon Crawl Stone Soup version 0.27.1-4-g1640c2035a (webtiles) character file.

Game seed: 2738134799759594384

103 Crownlay the Chiller (level 4, -3/32 HPs)
             Began as a Gnoll Ice Elementalist on Nov 1, 2021.
             Slain by an orc priest (6 damage)
             ... on level 3 of the Dungeon.
             The game lasted 00:02:14 (2033 turns).

Crownlay the Chiller (Gnoll Ice Elementalist)       Turns: 2033, Time: 00:02:14

Health: -3/32      AC:  2    Str:  7    XL:     4   Next: 79%
Magic:  0/11       EV: 13    Int: 16    God:
Gold:   61         SH:  0    Dex: 12    Spells: 6/13 levels left

rFire    . . .     SeeInvis +   g - +0 spear
rCold    . . .     Faith    .   (no shield)
rNeg     . . .     Spirit   .   a - +0 robe
rPois    +         Reflect  .   (no helmet)
rElec    .         Harm     .   (no cloak)
rCorr    .         Rampage  .   (no gloves)
Will     .....                  (no boots)
Stlth    ++........             (no amulet)
HPRegen  0.10/turn              f - ring of see invisible
MPRegen  0.12/turn              i - ring of poison resistance

@: no status effects
A: fangs 1, strong nose, distributed training
a: no special abilities


You were on level 3 of the Dungeon.
You visited 1 branch of the dungeon, and saw 3 of its levels.

You collected 61 gold pieces.

Inventory:

Hand Weapons
 g - a +0 spear (weapon)
Missiles
 c - 3 javelins
Armour
 a - a +0 robe (worn)
Jewellery
 f - a ring of see invisible (left hand)
 i - a ring of poison resistance (right hand)
Scrolls
 j - a scroll of teleportation {unknown}
Potions
 b - 2 potions of flight {unknown}
 d - a potion of degeneration {unknown}
 e - 2 potions of haste {unknown}
 h - a potion of brilliance {unknown}


   Skills:
 + Level 1.2 Fighting
 + Level 1.2 Short Blades
 + Level 1.2 Long Blades
 + Level 1.2 Axes
 + Level 1.2 Maces & Flails
 + Level 1.2 Polearms
 + Level 1.2 Staves
 + Level 1.2 Slings
 + Level 1.2 Bows
 + Level 1.2 Crossbows
 + Level 1.2 Throwing
 + Level 1.2 Armour
 + Level 4.7 Dodging
 + Level 4.3 Stealth
 + Level 1.2 Shields
 + Level 1.2 Unarmed Combat
 + Level 5.1 Spellcasting
 + Level 1.0 Conjurations
 + Level 1.0 Hexes
 + Level 1.0 Summonings
 + Level 1.0 Necromancy
 + Level 1.0 Translocations
 + Level 1.0 Transmutations
 + Level 1.0 Fire Magic
 + Level 7.1 Ice Magic
 + Level 1.0 Air Magic
 + Level 1.0 Earth Magic
 + Level 1.0 Poison Magic
 + Level 1.3 Invocations
 + Level 1.2 Evocations


You had 6 spell levels left.
You knew the following spells:

 Your Spells              Type           Power      Damage    Failure   Level
a - Freeze                Ice            100%       1d11      1%          1
b - Frozen Ramparts       Ice            54%        1d7       2%          3
c - Ozocubu's Armour      Ice            27%        N/A       2%          3

Your spell library contained the following spells:

 Spells                   Type           Power      Damage    Failure   Level
 Hailstorm                Conj/Ice       17%        3d6       28%         4


Dungeon Overview and Level Annotations

Branches:
Dungeon (3/15)

Altars:


Innate Abilities, Weirdness & Mutations

You have very sharp teeth.
Your uncanny sense of smell can sniff out nearby items.
Your experience applies equally to all skills.


Message History

The wall freezes the orc.
You kill the orc!
The wall freezes the orc.
You hit the orc but do no damage.
The orc is heavily wounded.
The wall freezes the orc.
You kill the orc!
You reach to attack!
You barely miss the orc.
The frozen ramparts melt away.
You hit the orc but do no damage.
The orc hits you with a +2 short sword of distortion.
Space bends around you.
* * * LOW HITPOINT WARNING * * *
The orc priest looks encouraged for a moment.
You are too injured to fight recklessly!
Casting: Frozen Ramparts (dangerous; 2% risk of failure)
Confirm with . or Enter, or press ? or * to list all spells.
Aiming: Freeze (safe; 1% risk of failure)
Press: ? - help, Shift-Dir - straight line, f/p - orc
Aim: an orc, wielding a +2 short sword of distortion and wearing a +0 ring mail You freeze the orc.
The orc is severely wounded.
The orc barely misses you.
Casting: Freeze (safe; 1% risk of failure)
Confirm with . or Enter, or press ? or * to list all spells.
Aiming: Freeze (safe; 1% risk of failure)
Press: ? - help, Shift-Dir - straight line, f/p - orc
Aim: an orc, wielding a +2 short sword of distortion and wearing a +0 ring mail (severely wounded)
You freeze the orc.
You kill the orc!
You closely miss the orc priest.
The orc priest calls down the wrath of Beogh upon you.
Pain shoots through your body!
* * * LOW HITPOINT WARNING * * *
You hit the orc priest.
The orc priest is lightly wounded.
The orc priest completely misses you.
You hit the orc priest but do no damage.
The orc priest is lightly wounded.
The orc priest hits you with a +2 mace of protection.
You die...

####.#........#
#.#.......#
#.#.......#
##.#.......#
#####..........#
....#.#.......#
#####.......#.####
.......###.....#
...#@#.#†.....#
......o#.......#.#
......))......##.#
..............# #
......#####.#...
...... .#.##.
#####. .... .^ #..
# ..


You could see an orc priest.

Vanquished Creatures
  An orc priest (D:3)
  3 adders
  A dart slug (D:2)
  5 orcs (D:3)
  4 ball pythons
  An endoplasm (D:2)
  A giant cockroach (D:2)
  4 goblins
  2 hobgoblins (D:1)
  2 jackals (D:2)
  4 kobolds
  3 quokkas
  5 bats
  2 rats
38 creatures vanquished.

Notes
Turn   | Place    | Note
-------+----------+-------------------------------------------
     0 | D:1      | Crownlay the Gnoll Ice Elementalist began the quest for the
                  | Orb.
     0 | D:1      | Reached XP level 1. HP: 13/13 MP: 6/6
   468 | D:1      | Reached XP level 2. HP: 19/19 MP: 5/7
  1299 | D:2      | Reached XP level 3. HP: 21/25 MP: 9/9
  1301 | D:2      | Reached skill level 5 in Spellcasting
  1305 | D:2      | Learned a level 3 spell: Frozen Ramparts
  1309 | D:2      | Learned a level 3 spell: Ozocubu's Armour
  1634 | D:2      | Reached skill level 1 in Invocations
  1882 | D:3      | Reached skill level 1 in Fighting
  1882 | D:3      | Reached skill level 1 in Short Blades
  1882 | D:3      | Reached skill level 1 in Long Blades
  1882 | D:3      | Reached skill level 1 in Axes
  1882 | D:3      | Reached skill level 1 in Maces & Flails
  1882 | D:3      | Reached skill level 1 in Polearms
  1882 | D:3      | Reached skill level 1 in Staves
  1882 | D:3      | Reached skill level 1 in Slings
  1882 | D:3      | Reached skill level 1 in Bows
  1882 | D:3      | Reached skill level 1 in Crossbows
  1882 | D:3      | Reached skill level 1 in Throwing
  1882 | D:3      | Reached skill level 1 in Armour
  1882 | D:3      | Reached skill level 1 in Shields
  1882 | D:3      | Reached skill level 1 in Unarmed Combat
  1882 | D:3      | Reached skill level 1 in Evocations
  2018 | D:3      | Reached XP level 4. HP: 22/32 MP: 3/11
  2020 | D:3      | Reached skill level 1 in Conjurations
  2020 | D:3      | Reached skill level 1 in Hexes
  2020 | D:3      | Reached skill level 1 in Summonings
  2020 | D:3      | Reached skill level 1 in Necromancy
  2020 | D:3      | Reached skill level 1 in Translocations
  2020 | D:3      | Reached skill level 1 in Transmutations
  2020 | D:3      | Reached skill level 1 in Fire Magic
  2020 | D:3      | Reached skill level 1 in Air Magic
  2020 | D:3      | Reached skill level 1 in Earth Magic
  2020 | D:3      | Reached skill level 1 in Poison Magic
  2033 | D:3      | Slain by an orc priest

Illustrated notes

Levels and vault maps discovered:
D:1:      lightli_arrival_maybe_door_vault, layout_basic, serial_park_tiny_1
D:2:      layout_rooms
D:3:      cheibrodos_pilgrimage, layout_loops_cross,
          hellmonk_ecumenical_altar_dog_temple

Skill      XL: |  1  2  3  4 |
---------------+-------------+-----
Spellcasting   | 5 |  5.1
Invocations    | 1 |  1.3
Fighting       | 1 |  1.2
Short Blades   | 1 |  1.2
Long Blades    | 1 |  1.2
Axes           | 1 |  1.2
Maces & Flails | 1 |  1.2
Polearms       | 1 |  1.2
Staves         | 1 |  1.2
Slings         | 1 |  1.2
Bows           | 1 |  1.2
Crossbows      | 1 |  1.2
Throwing       | 1 |  1.2
Armour         | 1 |  1.2
Shields        | 1 |  1.2
Unarmed Combat | 1 |  1.2
Evocations     | 1 |  1.2
Conjurations   | 1 |  1.0
Hexes          | 1 |  1.0
Summonings     | 1 |  1.0
Necromancy     | 1 |  1.0
Translocations | 1 |  1.0
Transmutations | 1 |  1.0
Fire Magic     | 1 |  1.0
Air Magic      | 1 |  1.0
Earth Magic    | 1 |  1.0
Poison Magic   | 1 |  1.0
Dodging        | |  4.7
Stealth        | |  4.3
Ice Magic      | |  7.1

Action                   |  1- 3 |  4- 6 || total
-------------------------+-------+-------++-------
Melee: Unarmed           |     7 |       ||     7
       Bite              |     8 |     1 ||     9
       Spear             |    80 |    12 ||    92
 Cast: Freeze            |    14 |     2 ||    16
       Frozen Ramparts   |     4 |     1 ||     5
       Ozocubu's Armour  |     3 |       ||     3
 Stab: Sleeping          |     8 |       ||     8
Armor: Robe              |    18 |       ||    18
Dodge: Dodged            |    67 |     3 ||    70
